TOP OF THE 1ST |
---|
Colorado Commanders batting - Pitching for Salem Sledgehammers : LHP Gerardo Vázquez | Pitching: LHP Gerardo Vázquez | | Batting: RHB Adrián Barrera | 0-0: Ball 1-0: Called Strike 1-1: Swinging Strike 1-2: Foul Ball, location: 2F 1-2: Foul Ball, location: 2F 1-2: Ball 2-2: Ball 3-2: Foul Ball, location: 2F 3-2: Base on Balls | Batting: RHB Júlio Ramos | 0-0: Ball Adrián Barrera steals 2nd base 1-0: Ground out 6-3 (Groundball, 56) | Batting: SHB Pancho Vásquez | 0-0: Called Strike 0-1: Foul Ball, location: 2F 0-2: Foul Ball, location: 2F 0-2: Ball 1-2: Strikes out swinging | Batting: RHB Joe Roberts | 0-0: Ground out 4-3 (Groundball, 4) | Top of the 1st over - 0 runs, 0 hits, 0 errors, 1 left on base; Colorado 0 - Salem 0 | BOTTOM OF THE 1ST |
---|
Salem Sledgehammers batting - Pitching for Colorado Commanders : RHP Alejandro Herrera | Pitching: RHP Alejandro Herrera | | Batting: RHB Randall Luna | 0-0: Ground out 5-3 (Groundball, 56) | Batting: RHB Rich Crabtree | 0-0: Ball 1-0: Ball 2-0: Ground out 6-3 (Groundball, 6D) | Batting: RHB Rickey Núñez | 0-0: Ball 1-0: Ball 2-0: Ball 3-0: Base on Balls | Batting: LHB José Rivas | 0-0: Ball 1-0: Called Strike 1-1: Foul Ball, location: 2F 1-2: Ball 2-2: Foul Ball, location: 2F 2-2: Ball Wild Pitch! Rickey Núñez to second 3-2: Ground out 6-3 (Groundball, 6) | Bottom of the 1st over - 0 runs, 0 hits, 0 errors, 1 left on base; Colorado 0 - Salem 0 | TOP OF THE 2ND |
---|
Colorado Commanders batting - Pitching for Salem Sledgehammers : LHP Gerardo Vázquez | Batting: LHB Abraham Horton | 0-0: Ball 1-0: Swinging Strike 1-1: Foul Ball, location: 2F 1-2: Foul Ball, location: 2F 1-2: Foul Ball, location: 2F 1-2: Strikes out looking | Batting: RHB Carlos Jiménez | 0-0: Ball 1-0: Called Strike 1-1: Ball 2-1: Foul Ball, location: 2F 2-2: Foul Ball, location: 2F 2-2: Foul Ball, location: 2F 2-2: Foul Ball, location: 2F 2-2: Ball 3-2: Base on Balls | Batting: LHB Roberto Herrera | 0-0: Called Strike 0-1: Ball 1-1: Ball 2-1: Ball 3-1: Foul Ball, location: 2F 3-2: Foul Ball, location: 2F 3-2: Base on Balls Carlos Jiménez to second | Batting: RHB Eric Patrick | 0-0: Swinging Strike 0-1: Swinging Strike 0-2: Ball 1-2: Ball 2-2: Strikes out swinging | Batting: RHB Alfonso Flores | 0-0: Called Strike 0-1: Fielders Choice at 2nd, 6-4 (Groundball, 6) | Top of the 2nd over - 0 runs, 0 hits, 0 errors, 2 left on base; Colorado 0 - Salem 0 | BOTTOM OF THE 2ND |
---|
Salem Sledgehammers batting - Pitching for Colorado Commanders : RHP Alejandro Herrera | Batting: LHB Juan Ortíz | 0-0: Ball 1-0: Ball 2-0: Ball 3-0: Called Strike 3-1: SINGLE (Line Drive, 8RS) | Batting: RHB Steve West | 0-0: Called Strike 0-1: Ball 1-1: Ball 2-1: Swinging Strike 2-2: Fly out, F8 (Flyball, 89M) | Batting: LHB Gary Cahill | 0-0: Ball 1-0: DOUBLE (Line Drive, 9LM) Juan Ortíz to third | Batting: RHB Roberto Landavazo | 0-0: Ball 1-0: Foul Ball, location: 2F 1-1: Fly out, F7 (Flyball, 7S) Runner from 3rd tags up, SCORES, throw made | Batting: SHB Manuel Jiménez | 0-0: Called Strike 0-1: SINGLE (Groundball, 3S) (infield hit) Gary Cahill to third | Batting: RHB Randall Luna | 0-0: Ball Manuel Jiménez is caught stealing 2nd base | Bottom of the 2nd over - 1 run, 3 hits, 0 errors, 1 left on base; Colorado 0 - Salem 1 | TOP OF THE 3RD |
---|
Colorado Commanders batting - Pitching for Salem Sledgehammers : LHP Gerardo Vázquez | Batting: RHB Adrián Barrera | 0-0: Ball 1-0: Ball 2-0: Ball 3-0: Base on Balls | Batting: RHB Júlio Ramos | 0-0: Called Strike Adrián Barrera steals 2nd base 0-1: Ball 1-1: Ball 2-1: Called Strike 2-2: Strikes out swinging, 2-3 out at first. | Batting: SHB Pancho Vásquez | 0-0: Ball 1-0: Ground out 1-3 (Groundball, P) Adrián Barrera to third | Batting: RHB Joe Roberts | 0-0: Ball 1-0: Ball 2-0: Ball 3-0: Base on Balls | Batting: LHB Abraham Horton | 0-0: Ball 1-0: Swinging Strike 1-1: Swinging Strike 1-2: Ball 2-2: Foul Ball, location: 2F 2-2: Strikes out looking | Top of the 3rd over - 0 runs, 0 hits, 0 errors, 2 left on base; Colorado 0 - Salem 1 | BOTTOM OF THE 3RD |
---|
Salem Sledgehammers batting - Pitching for Colorado Commanders : RHP Alejandro Herrera | Batting: RHB Randall Luna | 0-0: Ball 1-0: Swinging Strike 1-1: Called Strike 1-2: Foul Ball, location: 2F 1-2: Ball 2-2: Ball 3-2: Foul Ball, location: 2F 3-2: Strikes out swinging | Batting: RHB Rich Crabtree | 0-0: Foul Ball, location: 2F 0-1: Swinging Strike 0-2: Ball 1-2: Fly out, F7 (Flyball, 7LM) | Batting: RHB Rickey Núñez | 0-0: Ball 1-0: Called Strike 1-1: Ball 2-1: Foul Ball, location: 2F 2-2: Ground out 4-3 (Groundball, 4) | Bottom of the 3rd over - 0 runs, 0 hits, 0 errors, 0 left on base; Colorado 0 - Salem 1 | TOP OF THE 4TH |
---|
Colorado Commanders batting - Pitching for Salem Sledgehammers : LHP Gerardo Vázquez | Batting: RHB Carlos Jiménez | 0-0: Ball 1-0: Ball 2-0: Called Strike 2-1: Ball 3-1: Base on Balls | Batting: LHB Roberto Herrera | 0-0: Ball 1-0: Foul Ball, location: 2F 1-1: Foul Ball, location: 2F 1-2: Foul Ball, location: 2F 1-2: Strikes out looking | Batting: RHB Eric Patrick | 0-0: Ball 1-0: Called Strike 1-1: Foul Ball, location: 2F 1-2: Strikes out looking | Batting: RHB Alfonso Flores | 0-0: Foul Ball, location: 2F 0-1: Swinging Strike 0-2: Fly out, F8 (Flyball, 8LD) | Top of the 4th over - 0 runs, 0 hits, 0 errors, 1 left on base; Colorado 0 - Salem 1 | BOTTOM OF THE 4TH |
---|
Salem Sledgehammers batting - Pitching for Colorado Commanders : RHP Alejandro Herrera | Batting: LHB José Rivas | 0-0: Fly out, F9 (Flyball, 89M) | Batting: LHB Juan Ortíz | 0-0: Called Strike 0-1: Ball 1-1: Ball 2-1: Foul Ball, location: 2F 2-2: Strikes out swinging | Batting: RHB Steve West | 0-0: Ball 1-0: Ball 2-0: Called Strike 2-1: Ball 3-1: Called Strike 3-2: Base on Balls | Batting: LHB Gary Cahill | 0-0: Ball 1-0: Called Strike 1-1: Called Strike Steve West steals 2nd base 1-2: Strikes out swinging | Bottom of the 4th over - 0 runs, 0 hits, 0 errors, 1 left on base; Colorado 0 - Salem 1 | TOP OF THE 5TH |
---|
Colorado Commanders batting - Pitching for Salem Sledgehammers : LHP Gerardo Vázquez | Batting: RHB Adrián Barrera | 0-0: Ball 1-0: Ball 2-0: Swinging Strike 2-1: Called Strike 2-2: Ball 3-2: Strikes out swinging | Batting: RHB Júlio Ramos | 0-0: Swinging Strike 0-1: Foul Ball, location: 2F 0-2: Strikes out swinging | Batting: SHB Pancho Vásquez | 0-0: Called Strike 0-1: Ball 1-1: Fly out, F9 (Flyball, 89D) | Top of the 5th over - 0 runs, 0 hits, 0 errors, 0 left on base; Colorado 0 - Salem 1 | BOTTOM OF THE 5TH |
---|
Salem Sledgehammers batting - Pitching for Colorado Commanders : RHP Alejandro Herrera | Batting: RHB Roberto Landavazo | 0-0: Fly out, F8 (Line Drive, 89S) | Batting: SHB Manuel Jiménez | 0-0: Swinging Strike 0-1: Ball 1-1: Fly out, F7 (Flyball, 78M) | Batting: RHB Randall Luna | 0-0: Swinging Strike 0-1: Ball 1-1: Swinging Strike 1-2: Ball 2-2: Strikes out looking | Bottom of the 5th over - 0 runs, 0 hits, 0 errors, 0 left on base; Colorado 0 - Salem 1 | TOP OF THE 6TH |
---|
Colorado Commanders batting - Pitching for Salem Sledgehammers : LHP Gerardo Vázquez | Batting: RHB Joe Roberts | 0-0: Called Strike 0-1: Ball 1-1: Swinging Strike 1-2: Ball 2-2: Ball 3-2: Foul Ball, location: 2F 3-2: Foul Ball, location: 2F 3-2: Ground out 6-3 (Groundball, 6) | Batting: LHB Abraham Horton | 0-0: Ball 1-0: Ball 2-0: Ball 3-0: Called Strike 3-1: Base on Balls | Batting: RHB Carlos Jiménez | 0-0: Called Strike Abraham Horton is caught stealing 2nd base 0-1: Swinging Strike 0-2: Ball 1-2: Strikes out looking | Top of the 6th over - 0 runs, 0 hits, 0 errors, 0 left on base; Colorado 0 - Salem 1 | BOTTOM OF THE 6TH |
---|
Salem Sledgehammers batting - Pitching for Colorado Commanders : RHP Alejandro Herrera | Batting: RHB Rich Crabtree | 0-0: Called Strike 0-1: Ball 1-1: Ball 2-1: Called Strike 2-2: Foul Ball, location: 2F 2-2: Ball 3-2: Base on Balls | Batting: RHB Rickey Núñez | 0-0: Called Strike 0-1: Ball 1-1: Foul Ball, location: 2F 1-2: Strikes out swinging | Batting: LHB José Rivas | 0-0: Called Strike 0-1: Foul Ball, location: 2F 0-2: Ball 1-2: Ball 2-2: Ball 3-2: Foul Ball, location: 2F 3-2: Base on Balls Rich Crabtree to second | Pinch Runner at 2nd Jake Belcher: | | Batting: LHB Juan Ortíz | 0-0: Called Strike 0-1: Foul Ball, location: 2F 0-2: Fielders Choice at 2nd, 3-6 (Groundball, 34) Jake Belcher to third | Batting: RHB Steve West | 0-0: Called Strike 0-1: Ball 1-1: Ground out 1-3 (Groundball, 13) | Bottom of the 6th over - 0 runs, 0 hits, 0 errors, 2 left on base; Colorado 0 - Salem 1 | TOP OF THE 7TH |
---|
Colorado Commanders batting - Pitching for Salem Sledgehammers : LHP Gerardo Vázquez | Now in LF: José González | | Now in CF: Jake Belcher | | Batting: LHB Roberto Herrera | 0-0: Ball 1-0: Ball 2-0: Called Strike 2-1: Foul Ball, location: 2F 2-2: Strikes out swinging | Batting: RHB Eric Patrick | 0-0: Called Strike 0-1: Ball 1-1: Called Strike 1-2: Ball 2-2: Foul Ball, location: 2F 2-2: Foul Ball, location: 2F 2-2: Strikes out swinging | Batting: RHB Alfonso Flores | 0-0: Called Strike 0-1: Called Strike 0-2: Foul Ball, location: 2F 0-2: Strikes out swinging | Top of the 7th over - 0 runs, 0 hits, 0 errors, 0 left on base; Colorado 0 - Salem 1 | BOTTOM OF THE 7TH |
---|
Salem Sledgehammers batting - Pitching for Colorado Commanders : RHP Alejandro Herrera | Pitching: LHP Pedro Beltrán | | Batting: LHB Gary Cahill | 0-0: Ball 1-0: Ground out 4-3 (Groundball, 4MS) | Pitching: LHP Lonnie Phillips | | Batting: RHB Roberto Landavazo | 0-0: Called Strike 0-1: Ball 1-1: Ball 2-1: Ball 3-1: Ground out 5-3 (Groundball, 5L) | Batting: SHB Manuel Jiménez | 0-0: Ball 1-0: Called Strike 1-1: Ball 2-1: Called Strike 2-2: Strikes out swinging | Bottom of the 7th over - 0 runs, 0 hits, 0 errors, 0 left on base; Colorado 0 - Salem 1 | TOP OF THE 8TH |
---|
Colorado Commanders batting - Pitching for Salem Sledgehammers : LHP Gerardo Vázquez | Batting: RHB Adrián Barrera | 0-0: Ball 1-0: Called Strike 1-1: Swinging Strike 1-2: Ball 2-2: Foul Ball, location: 2F 2-2: Foul Ball, location: 2F 2-2: Foul Ball, location: 2F 2-2: Strikes out swinging passed ball, reaches first! | Batting: RHB Júlio Ramos | 0-0: Sac Bunt - play at first, batter OUT! U3 Adrián Barrera to second | Batting: SHB Pancho Vásquez | 0-0: Foul Ball, location: 2F 0-1: Ball 1-1: Ball 2-1: Swinging Strike 2-2: SINGLE (Groundball, 4MD) Adrián Barrera to third Runner from 3rd tries for Home, SAFE, no throw | Pitching: RHP Carlos Rodríguez | | Batting: RHB Joe Roberts | 0-0: Called Strike 0-1: Called Strike 0-2: Ball Pancho Vásquez steals 2nd base 1-2: Ball 2-2: Foul Ball, location: 2F 2-2: Fly out, F5 (Popup, 5SF) | Batting: LHB Abraham Horton | 0-0: Intentional Walk | Pinch Hitting: LHB Robinson Ordóñez | 0-0: Ball 1-0: Called Strike 1-1: Swinging Strike 1-2: Ball 2-2: Strikes out swinging | Top of the 8th over - 1 run, 1 hit, 0 errors, 2 left on base; Colorado 1 - Salem 1 | BOTTOM OF THE 8TH |
---|
Salem Sledgehammers batting - Pitching for Colorado Commanders : LHP Lonnie Phillips | Now at 2B: Pete Davis | | Batting: RHB Randall Luna | 0-0: Swinging Strike 0-1: Foul Ball, location: 2F 0-2: Ball 1-2: Strikes out swinging | Batting: RHB Jake Belcher | 0-0: Ball 1-0: Ball 2-0: Foul Ball, location: 2F 2-1: Ground out 5-3 (Groundball, 25) | Batting: RHB Rickey Núñez | 0-0: Fly out, F8 (Line Drive, 8RM) | Bottom of the 8th over - 0 runs, 0 hits, 0 errors, 0 left on base; Colorado 1 - Salem 1 | TOP OF THE 9TH |
---|
Colorado Commanders batting - Pitching for Salem Sledgehammers : RHP Carlos Rodríguez | Pitching: RHP Francisco López | | Batting: LHB Roberto Herrera | 0-0: Ball 1-0: SOLO HOME RUN (Flyball, 7D), Distance : 392 ft | Batting: RHB Eric Patrick | 0-0: Called Strike 0-1: Ground out 5-3 (Groundball, 5S) | Batting: RHB Alfonso Flores | 0-0: Ball 1-0: Ball 2-0: Ball 3-0: Base on Balls | Batting: RHB Adrián Barrera | 0-0: SINGLE (Line Drive, 9LM) Alfonso Flores to second Runner from 2nd tries for 3rd, SAFE, throw made to third | Batting: RHB Júlio Ramos | 0-0: Swinging Strike 0-1: Ball 1-1: Ball 2-1: Ball 3-1: Base on Balls Adrián Barrera to second | Batting: SHB Pancho Vásquez | 0-0: Called Strike 0-1: Foul Ball, location: 2F 0-2: Ball 1-2: Strikes out swinging | Batting: RHB Joe Roberts | 0-0: Ball 1-0: SINGLE (Groundball, 4MD) Alfonso Flores scores Adrián Barrera to third Júlio Ramos to second Runner from 3rd tries for Home, SAFE, no throw | Batting: LHB Abraham Horton | 0-0: Called Strike 0-1: Foul Ball, location: 2F 0-2: Foul Ball, location: 2F 0-2: Fielders Choice at 2nd, 6-4 (Groundball, 6) | Top of the 9th over - 3 runs, 3 hits, 0 errors, 2 left on base; Colorado 4 - Salem 1 | BOTTOM OF THE 9TH |
---|
Salem Sledgehammers batting - Pitching for Colorado Commanders : LHP Lonnie Phillips | Pitching: LHP Bernardo Dodson | | Batting: RHB José González | 0-0: Ball 1-0: Ball 2-0: Called Strike 2-1: Ball 3-1: Foul Ball, location: 2F 3-2: Foul Ball, location: 2F 3-2: Base on Balls | Batting: LHB Juan Ortíz | 0-0: Called Strike 0-1: Ball 1-1: Called Strike 1-2: Strikes out swinging | Batting: RHB Steve West | 0-0: Ball 1-0: Ball 2-0: Called Strike 2-1: Ball 3-1: Base on Balls José González to second | Batting: LHB Gary Cahill | 0-0: Ball 1-0: Swinging Strike 1-1: Called Strike 1-2: Foul Ball, location: 2F 1-2: Strikes out swinging | Batting: RHB Roberto Landavazo | 0-0: Foul Ball, location: 2F 0-1: Ball 1-1: Swinging Strike 1-2: Ball 2-2: Ball 3-2: Strikes out swinging | Bottom of the 9th over - 0 runs, 0 hits, 0 errors, 2 left on base; Colorado 4 - Salem 1 | |